 Dungeon Crawl Stone Soup version 0.31-a0-240-gb923e448b6 (webtiles) character file.

Game seed: 1778997716748383772

96023 Nattfarinn the Metamorph (level 15, -19/140 (145) HPs)
             Began as a Troll Shapeshifter on July 12, 2023.
             Was a Priest of Ashenzari.
             Demolished by a white very ugly thing (46 damage)
             ... on level 1 of the Orcish Mines.
             The game lasted 00:52:33 (20028 turns).

Nattfarinn the Metamorph (Troll Shapeshifter)      Turns: 20028, Time: 00:52:33

HP:   -19/140 (145) AC:  7    Str: 39    XL:     15   Next: 68%
MP:   14/14         EV: 12    Int:  4    God:    Ashenzari [***...]
Gold: 2579          SH:  0    Dex: 10    Spells: 14/14 levels left

rFire   + . .        C - melded +10 giant spiked club
rCold   . . .        (shield currently unavailable)
rNeg    . . .        F - +4 troll leather armour of Star-Bound Wisdom {Regen+, Dev, Self} (curse)
rPois   .            T - +0 mask of the Dragon {Will+ Slay+3 SInv, Fort, Melee} (curse)
rElec   .            (no cloak)
rCorr   .            (gloves unavailable)
SInv    +            (boots unavailable)
Will    ++...        M - amulet of Vitality {RegenMP++ Regen++}
Stlth   +            m - ring "Overhang to Understand" {Str+6, Cun, Melee} (curse)
HPRegen 3.63/turn    I - ring "Sibylline Repose" {rF+, Comp, Melee} (curse)
MPRegen 0.94/turn

%: clarity
@: blade hands, studying Ice Magic, lightly drained
A: large, unfitting armour, claws 3, regeneration 1, shaggy fur 1, tough skin 1,
[deformed body]
a: Renounce Religion, Curse Item, Shatter the Chains


You were on level 1 of the Orcish Mines.
You worshipped Ashenzari.
Ashenzari was most pleased with you.
You had blades for hands.
You visited 4 branches of the dungeon, and saw 23 of its levels.
You also visited: Ice Cave and Volcano.

You collected 2579 gold pieces.

Inventory:

Hand Weapons
 C - a +10 giant spiked club (melded)
Armour
 F - the cursed +4 troll leather armour of Star-Bound Wisdom (worn) {Regen+, Dev, Self}
   (You found it on level 10 of the Dungeon)

   Regen:     It increases your rate of health regeneration.
   It has a curse which improves the following skills: Devices: Evocations and
   Shapeshifting.
   Introspection: Fighting and Spellcasting.
 J - the +5 robe of Night {Dark Will+ SInv}
   (You found it in an ice cave)

   Dark:      It shrouds the wearer in darkness, reducing the range at which
   they can see and be seen by others.
   SInv:      It lets you see invisible.
   Will:      It increases your willpower.
 T - the cursed +0 mask of the Dragon (worn) {Will+ Slay+3 SInv, Fort, Melee}
   (You acquired it on level 4 of the Lair of Beasts)

   Slay:      It affects your accuracy & damage with ranged weapons and melee
   (+3).
   SInv:      It lets you see invisible.
   Will:      It increases your willpower.
   It has a curse which improves the following skills: Fortitude: Armour and
   Shields.
   Melee Combat: Short Blades, Long Blades, Axes, Maces & Flails, Polearms,
   Staves and Unarmed Combat.
 X - +0 swamp dragon scales
Jewellery
 m - the cursed ring "Overhang to Understand" (left blade hand) {Str+6, Cun, Melee}
   (You found it on level 2 of the Dungeon)

   [ring of strength]

   Str:       It affects your strength (+6).
   It has a curse which improves the following skills: Cunning: Dodging and
   Stealth.
   Melee Combat: Short Blades, Long Blades, Axes, Maces & Flails, Polearms,
   Staves and Unarmed Combat.
 v - a +6 ring of intelligence
 I - the cursed ring "Sibylline Repose" (right blade hand) {rF+, Comp, Melee}
   (You took it off Harold on level 11 of the Dungeon)

   [ring of protection from fire]

   rF:        It protects you from fire.
   It has a curse which improves the following skills: Companions: Summonings
   and Necromancy.
   Melee Combat: Short Blades, Long Blades, Axes, Maces & Flails, Polearms,
   Staves and Unarmed Combat.
 K - a ring of resist corrosion
 M - the amulet of Vitality (around neck) {RegenMP++ Regen++}
   (You found it in an ice cave)

   [amulet of magic regeneration]

   It increases your rate of magic regeneration.
   Regen:     It increases your rate of health regeneration.
 N - a ring of ice
 R - a +6 ring of dexterity
 Y - a ring of magical power
Talismans
 c - a beast talisman
 O - a blade talisman
 V - a maw talisman
Wands
 p - a wand of polymorph (20)
 w - a wand of quicksilver (9)
 E - a wand of paralysis (23)
 G - a wand of digging (20)
 L - a wand of mindburst (10)
 P - a wand of flame (18)
 S - a wand of roots (12)
Scrolls
 e - 14 scrolls of teleportation
 h - 4 scrolls of immolation
 i - 2 scrolls of enchant weapon
 n - 3 scrolls of fog
 o - 3 scrolls of poison
 q - 2 scrolls of silence
 s - a scroll of butterflies
 x - 2 scrolls of amnesia
 y - 5 scrolls of revelation
 z - 2 scrolls of fear
 W - a scroll of blinking
 Z - a scroll of enchant armour
Potions
 a - a potion of cancellation
 b - 8 potions of lignification
 d - 5 potions of attraction
 f - 2 potions of heal wounds
 g - 7 potions of haste
 j - 4 potions of brilliance
 k - 5 potions of mutation
 l - 6 potions of curing
 r - 2 potions of magic
 t - 2 potions of resistance
 u - 2 potions of berserk rage
 A - 3 potions of might
 B - 2 potions of invisibility
 U - 3 potions of enlightenment


   Skills:
 - Level 7.3(8.9) Fighting
 - Level 10.8(13.7) Maces & Flails
 - Level 7.6(9.2) Dodging
 - Level 12.2(15.1) Unarmed Combat
 + Level 17.0(18.4) Shapeshifting


You had 14 spell levels left.
You didn't know any spells.
Your spell library contained the following spells:

 Spells                   Type           Power      Damage    Failure   Level
 Summon Small Mammal      Summ           0%         N/A       87%         1
 Foxfire                  Conj/Fire      0%         2x1d4     88%         1
 Magic Dart               Conj           0%         1d3       88%         1
 Lesser Beckoning         Tloc           0%         N/A       95%         2
 Poisonous Vapours        Pois/Air       0%         N/A       95%         2
 Searing Ray              Conj           0%         2d4       95%         2
 Call Canine Familiar     Summ           0%         N/A       99%         3
 Gell's Gravitas          Tloc           0%         N/A       99%         3
 Mephitic Cloud           Conj/Pois/Air  0%         N/A       99%         3
 Stone Arrow              Conj/Erth      0%         3d7       99%         3
 Summon Guardian Golem    Hex/Summ       0%         N/A       99%         3
 Teleport Other           Tloc           0%         N/A       99%         3
 Vhi's Electric Charge    Tloc/Air       0%         N/A       99%         3
 Volatile Blastmotes      Fire/Tloc      0%         2d10      99%         3
 Animate Armour           Summ/Erth      0%         N/A       100%        4
 Animate Dead             Necr           0%         N/A       100%        4
 Fulminant Prism          Conj/Hex       0%         3d5       100%        4
 Iskenderun's Mystic Bla  Conj/Tloc      0%         2d3       100%        4
 Leda's Liquefaction      Hex/Erth       0%         N/A       100%        4
 Olgreb's Toxic Radiance  Pois           0%         N/A       100%        4
 Summon Lightning Spire   Summ/Air       0%         N/A       100%        4
 Arcjolt                  Conj/Air       0%         1d10      100%        5
 Borgnjor's Vile Clutch   Necr/Erth      0%         N/A       100%        5
 Freezing Cloud           Conj/Ice/Air   0%         6-21      100%        5
 Lee's Rapid Deconstruct  Erth           0%         3d4*      100%        5
 Summon Forest            Summ/Tloc      0%         N/A       100%        5
 Summon Mana Viper        Hex/Summ       0%         N/A       100%        5
 Death Channel            Necr           0%         N/A       100%        6
 Leda's Unmaking          Conj/Erth      0%         9d1       100%        6
 Plasma Beam              Fire/Air       0%         2x1d10    100%        6
 Starburst                Conj/Fire      0%         6d3       100%        6
 Summon Cactus Giant      Summ           0%         N/A       100%        6
 Discord                  Hex            0%         N/A       100%        8
 Ignition                 Fire           0%         3d3       100%        8
 Lehudib's Crystal Spear  Conj/Erth      0%         10d2      100%        8
 Maxwell's Capacitive Co  Air            0%         ∞         100%        8
 Chain Lightning          Conj/Air       0%         N/A       100%        9
 Fire Storm               Conj/Fire      0%         5d1       100%        9
 Shatter                  Erth           0%         3d5*      100%        9


Dungeon Overview and Level Annotations

Branches:
Dungeon (15/15)            Temple (1/1) D:4            Lair (5/5) D:9
  Swamp (0/4) Lair:3       Spider (0/4) Lair:3        Slime (0/5) Lair:5
    Orc (2/2) D:12         Vaults (0/5) D:14         Depths (0/4) D:15
  IceCv (visited)         Volcano (visited)
    Elf: Orc:2

Altars:
Ashenzari
Cheibriados
Dithmenos
Elyvilon
Fedhas
Gozag
Hepliaklqana
Kikubaaqudgha
Makhleb
Nemelex Xobeh
Okawaru
Qazlal
Ru
Sif Muna
Trog
Uskayaw
Vehumet
Wu Jian
Xom
Yredelemnul
Zin
The Shining One

Shops:
D:8 :

Portals:
Abyss: Orc:1
Trove: D:13 (give 7 potions of haste)

Annotations:
Lair:3 2 transporters, Solaire439's ghost, journeyman MiFi
Orc:1 1 transporter, Qioq's ghost, journeyman SpHu


Innate Abilities, Weirdness & Mutations

You have blades for hands.
Your spellcasting is less reliable in this form.
You are incapable of wielding weapons or throwing items.
You are too large for most types of armour.
You have claws for hands.
Your natural rate of healing is unusually fast.
You are covered in fur. (AC +1)
You have tough skin. (AC +1)
[Armour fits poorly on your strangely shaped body.]


Message History

You hit the wretched star but do no damage.
The chaos spawn hits you but does no damage.
The wretched star glows turbulently.
The lance of force hits you!
You are knocked back by the lance of force.
You slam into the stone wall!
You barely miss the wretched star.
The white very ugly thing headbutts you.
The white very ugly thing freezes you!!!
Unknown command.
You barely miss the wretched star. The chaos spawn closely misses you.
The wretched star glows turbulently.
The lance of force hits you!
You are knocked back by the lance of force.
You slam into the stone wall!
* * * LOW HITPOINT WARNING * * *
The white very ugly thing headbutts you!
* * * LOW HITPOINT WARNING * * *
The white very ugly thing freezes you!!
* * * LOW HITPOINT WARNING * * *
Unknown command.
You shred the wretched star!!!
The wretched star is severely damaged.
The chaos spawn gores you but does no damage.
You feel much better.
The white very ugly thing barely misses you.
The chaos spawn gores you!
* * * LOW HITPOINT WARNING * * *
The chaos spawn freezes you!
* * * LOW HITPOINT WARNING * * *
The wretched star pulses with an eldritch light!
Your body twists and deforms.
You feel much better.
The white very ugly thing headbutts you but does no damage.
You slice the wretched star!!
You destroy the wretched star!
The white very ugly thing headbutts you!
* * * LOW HITPOINT WARNING * * *
The white very ugly thing freezes you!!!
You die...

#....................#.......
#............................
#.....###..###.......#......# ###
#....##.####§##.###..........
#.###....#...##..§###.#..........
...##....#$#.∩#.§.....#.......##.
........##.# #.^##.#†##..........
.......##$#.###..G^..#...........
.......##$.##.##@.4.##...........
........##[##..#u#W##............
#........###..##o..#.............
..#...........#..^.#.............
.............##.##.###...........
.........#####:.©..# #...........
........##{##..###.#R##...#.)....
.......©#h.R.#.#.##.#W#©..<>.....
........####..##..##.##..........


You could see an orc warlord, a white very ugly thing, a great orb of eyes, a
chaos spawn and Qioq's ghost.

Vanquished Creatures
  Kirke (D:12)
  An orc warlord (Orc:1)
  A white draconian (IceCv)
  A fire dragon (Lair:5)
  Erolcha (D:9)
  Harold (D:11)
  2 hydras
  Fannar (Lair:2)
  A rakshasa (D:14)
  6 centaur warriors
  2 dancing weapons (D:14)
  3 two-headed ogres
  6 boulder beetles
  2 tengu warriors (D:13)
  A hell knight (Volcano)
  A wretched star (Orc:1)
  A spark wasp zombie (D:15)
  5 skeletal warriors
  Amaemon (Lair:1)
  A flayed ghost (D:15)
  A swamp dragon (Lair:5)
  A storm dragon skeleton (D:15)
  3 deep elf pyromancers (D:15)
  3 orc knights
  A necromancer (D:15)
  A frost giant zombie (D:15)
  19 ugly things
  8 cyclopes
  2 salamanders (Volcano)
  A manticore (D:12)
  3 elephants (Lair:5)
  Maurice (D:13)
  Joseph (D:10)
  6 molten gargoyles
  3 torpor snails (Lair:5)
  3 gargoyles
  3 black mambas
  2 ice statues (IceCv)
  An orange demon (Lair:2)
  9 rime drakes
  An unseen horror (D:7)
  12 cane toads
  4 kobold demonologists (D:12)
  An efreet (Volcano)
  11 komodo dragons
  2 tengu conjurers (D:13)
  7 trolls
  A polar bear (shapeshifter) (D:15)
  13 polar bears
  A hornet (D:10)
  Prince Ribbit (D:9)
  5 blink frogs (Lair:5)
  2 dream sheep (Lair:5)
  4 raiju
  18 slime creatures
  2 shadows
  A vampire (D:13)
  9 wyverns
  3 basilisks
  A human (D:8)
  79 yaks
  6 hogs
  Grum (D:8)
  2 redbacks (Lair:3)
  6 steam dragons
  10 vampire mosquitoes
  A large abomination (Orc:1)
  A swamp worm (Lair:3)
  6 wargs
  5 acid dragons
  15 hell hounds (Lair:5)
  10 water moccasins
  A human skeleton (D:15)
  A meliai simulacrum (D:11)
  18 orc warriors
  3 ice beasts
  13 black bears
  A sky beast (D:7)
  3 swamp drakes
  8 ogres
  19 wolves
  10 centaurs
  3 kobold brigands (D:10)
  6 bullfrogs
  A scorpion (D:7)
  4 lindwurm simulacra (IceCv)
  17 killer bees
  4 howler monkeys
  A hound (D:4)
  8 komodo dragon simulacra (IceCv)
  9 orc priests
  A jelly (D:6)
  2 sleepcaps
  Ijyb (D:4)
  3 iguanas
  17 orc wizards
  7 gnolls
  8 adders
  2 acid dragon simulacra (IceCv)
  2 white imps
  7 steam dragon simulacra (IceCv)
  3 ufetubi
  2 dart slugs
  45 orcs
  6 ball pythons
  8 endoplasms
  3 giant cockroaches
  6 hobgoblins
  4 quokkas
  6 bats
  A frilled lizard (D:1)
  7 goblins
  18 kobolds
  4 rats
645 creatures vanquished.

Vanquished Creatures (others)
  A human (D:12)
  An acid dragon (D:12)
2 creatures vanquished.

Grand Total: 647 creatures vanquished

Notes
Turn   | Place    | Note
-------+----------+-------------------------------------------
     0 | D:1      | Nattfarinn the Troll Shapeshifter began the quest for the
                  | Orb.
     0 | D:1      | Reached XP level 1. HP: 19/19 MP: 0/0
   242 | D:1      | Reached XP level 2. HP: 28/28 MP: 1/1
   837 | D:2      | Reached XP level 3. HP: 35/35 MP: 2/2
  1621 | D:3      | Reached XP level 4. HP: 39/42 MP: 3/3
  2014 | D:4      | Found a bloodstained altar of Trog.
  2231 | D:4      | Found a blossoming altar of Fedhas.
  2335 | D:4      | Reached XP level 5. HP: 50/50 MP: 4/4
  2390 | D:4      | Found a staircase to the Ecumenical Temple.
  2412 | D:4      | Noticed Ijyb
  2423 | D:4      | Killed Ijyb
  2922 | Temple   | Entered the Ecumenical Temple
  3002 | Temple   | Became a worshipper of Ashenzari the Shackled
  3029 | D:5      | Entered Level 5 of the Dungeon
  3084 | D:5      | Noticed a water moccasin
  3090 | D:5      | Killed a water moccasin
  3091 | D:5      | Reached XP level 6. HP: 58/59 MP: 5/5
  3147 | D:5      | Noticed an ice beast
  3157 | D:5      | Killed an ice beast
  3158 | D:5      | Reached skill level 5 in Unarmed Combat
  3158 | D:5      | Reached skill level 4 in Shapeshifting
  3263 | D:5      | Found a large runed translucent door.
  3264 | D:5      | Found a large runed translucent door.
  3309 | D:5      | Reached XP level 7. HP: 58/67 MP: 4/6
  3869 | D:5      | Found a stormy altar of Qazlal.
  3889 | D:5      | Found a snail-covered altar of Cheibriados.
  4157 | D:6      | Noticed a steam dragon
  4166 | D:6      | Killed a steam dragon
  4325 | D:6      | Reached XP level 8. HP: 75/78 MP: 7/7
  4401 | D:6      | Reached skill level 5 in Shapeshifting
  4877 | D:7      | Identified the +3 hand axe of Abomination {spect, +Blink
                  | rF+ Str+3 Dex-3}
  5075 | D:7      | Reached skill level 5 in Fighting
  5082 | D:7      | Killed an unseen horror
  5083 | D:7      | Reached XP level 9. HP: 50/88 MP: 1/8
  5256 | D:7      | Reached skill level 6 in Shapeshifting
  5415 | D:7      | Found a shadowy altar of Dithmenos.
  5415 | D:7      | Found a sparkling altar of Nemelex Xobeh.
  5543 | D:8      | Reached * piety under Ashenzari
  5594 | D:8      | Found Wuichaygh's Book Shop.
  5602 | D:8      | Noticed Grum
  5614 | D:8      | Killed Grum
  5645 | D:8      | Reached skill level 10 in Unarmed Combat
  5840 | D:8      | Reached XP level 10. HP: 98/98 MP: 9/9
  6007 | D:9      | Noticed Prince Ribbit
  6014 | D:9      | Reached skill level 7 in Shapeshifting
  6083 | D:9      | Killed Prince Ribbit
  6238 | D:9      | Noticed Erolcha
  6472 | D:9      | Killed Erolcha
  6554 | D:10     | Entered Level 10 of the Dungeon
  6712 | D:9      | Reached XP level 11. HP: 105/109 MP: 8/10
  7018 | D:9      | Reached skill level 8 in Shapeshifting
  7176 | D:9      | Found a staircase to the Lair.
  7598 | D:10     | Reached skill level 9 in Shapeshifting
  7917 | D:10     | Noticed Joseph
  7922 | D:10     | Killed Joseph
  7923 | D:10     | Reached skill level 10 in Shapeshifting
  8440 | D:11     | Noticed a two-headed ogre
  8448 | D:11     | Killed a two-headed ogre
  8539 | D:11     | Noticed a boulder beetle
  8546 | D:11     | Killed a boulder beetle
  8589 | D:11     | Noticed a two-headed ogre
  8593 | D:11     | Killed a two-headed ogre
  8653 | D:11     | Noticed an orc knight
  8656 | D:11     | Killed an orc knight
  8687 | D:11     | Noticed Harold
  8689 | D:11     | Killed Harold
  8690 | D:11     | Reached XP level 12. HP: 118/118 MP: 11/11
  8693 | D:11     | Reached ** piety under Ashenzari
  8737 | D:11     | Noticed a boulder beetle
  8749 | D:11     | Killed a boulder beetle
  8750 | D:11     | Reached skill level 5 in Maces & Flails
  9104 | Lair:1   | Entered Level 1 of the Lair of Beasts
  9190 | Lair:1   | Found a frozen archway.
  9199 | IceCv    | Entered an ice cave
  9568 | IceCv    | Found the +5 robe of Night {Dark Will+ SInv}
  9751 | IceCv    | Noticed a white draconian
  9763 | IceCv    | Killed a white draconian
  9793 | IceCv    | Found the amulet of Vitality {RegenMP++ Regen++}
 10477 | Lair:1   | Reached skill level 10 in Maces & Flails
 10738 | Lair:2   | Noticed Amaemon
 10855 | Lair:1   | Killed Amaemon
 10963 | Lair:2   | Reached XP level 13. HP: 112/124 MP: 12/12
 11024 | Lair:2   | Noticed Fannar
 11031 | Lair:2   | Killed Fannar
 11223 | Lair:2   | Reached skill level 11 in Shapeshifting
 11513 | Lair:3   | Found a transporter.
 11533 | Lair:3   | Noticed Solaire439's ghost (journeyman MiFi)
 11600 | Lair:3   | Found a transporter.
 11644 | Lair:3   | Found a hole to the Spider Nest.
 11791 | Lair:3   | Found a staircase to the Swamp.
 12337 | Lair:4   | Reached skill level 12 in Shapeshifting
 12954 | Lair:4   | Identified a scroll of acquirement
 13210 | Lair:4   | Acquired the +0 mask of the Dragon {Will+ Slay+3 SInv}
 13210 | Lair:4   | Found the +0 mask of the Dragon {Will+ Slay+3 SInv}
 13234 | Lair:5   | Entered Level 5 of the Lair of Beasts
 13266 | Lair:5   | Reached skill level 13 in Shapeshifting
 13587 | Lair:5   | Reached skill level 14 in Shapeshifting
 13587 | Lair:5   | Reached XP level 14. HP: 116/133 MP: 13/13
 13770 | Lair:5   | Found a staircase to the Slime Pits.
 14916 | D:12     | Reached skill level 15 in Shapeshifting
 14967 | D:12     | Noticed Kirke
 14975 | D:12     | Killed Kirke
 15059 | D:12     | Found a staircase to the Orcish Mines.
 16069 | D:13     | Noticed Maurice
 16076 | D:13     | Killed Maurice
 16307 | D:13     | Found a faded altar of an unknown god.
 16308 | D:13     | Found a hazy altar of Hepliaklqana.
 16600 | D:13     | Reached skill level 5 in Dodging
 16719 | D:13     | Found a portal to a secret trove of treasure.
 17090 | D:14     | Found a basalt altar of Yredelemnul.
 17214 | D:14     | Found a gate to the Vaults.
 17226 | D:14     | Reached XP level 15. HP: 119/140 MP: 14/14
 17535 | D:15     | Entered Level 15 of the Dungeon
 17768 | D:15     | Found a staircase to the Depths.
 17994 | D:15     | Reached skill level 16 in Shapeshifting
 18711 | Orc:1    | Entered Level 1 of the Orcish Mines
 18711 | Orc:1    | Found a transporter.
 18724 | Orc:1    | Found a dark tunnel.
 18745 | Volcano  | Entered a volcano
 18839 | Volcano  | Noticed an orb of fire
 18870 | Volcano  | Noticed an orb of fire
 19081 | Orc:1    | Reached *** piety under Ashenzari
 19173 | Orc:1    | Found a transporter.
 19378 | Orc:1    | Noticed Qioq's ghost (journeyman SpHu)
 19618 | Orc:1    | Reached skill level 17 in Shapeshifting
 19661 | Orc:1    | Found a shimmering blue altar of Sif Muna.
 19667 | Orc:1    | Identified Sif Muna's Reference Book on Contaminants
 19887 | Orc:2    | Entered Level 2 of the Orcish Mines
 20017 | Orc:1    | Found a one-way gate to the infinite horrors of the Abyss.
 20024 | Orc:1    | HP: 6/140 [white very ugly thing (19)]
 20028 | Orc:1    | Demolished by a white very ugly thing

Illustrated notes

Levels and vault maps discovered:
D:1:      lightli_arrival_lavapool, layout_loops_ring
D:2:      layout_basic
D:3:      layout_rooms, kennysheep_potato
D:4:      layout_rooms, mainiacjoe_overflow_surrounded_room,
          lemuel_doored_altar, minmay_temple_entry_ruins,
          serial_co_window_serial, co_window_of_opportunity_a,
          co_window_paths_b, co_window_of_opportunity_a,
          co_window_of_opportunity_a, co_window_corner_a, co_window_corner_cb,
          co_window_corner_ca, co_window_corner_b, co_window_unsneaky_path_a,
          co_window_4corner_a, glass_columns_a, glass_columns_a,
          grunt_ministairs_11, uniq_ijyb
D:5:      layout_basic, jmf_multi_god_temple2, serial_bayou_crossing
D:6:      layout_cave_pods, hangedman_abyss_or_decor_stabs
D:7:      layout_rooms, mainiacjoe_overflow_divided_tiny
D:8:      layout_rooms, serial_shops, nicolae_shop_statue_plus, grunt_livestock,
          uniq_grum
D:9:      layout_rooms, erik_lair_dragon, uniq_prince_ribbit1, uniq_erolcha
D:10:     kennysheep_blocky_hall, layout_basic, minmay_unpleasant_kobolds,
          uniq_joseph
D:11:     minmay_distorted_concentric_squares, layout_cave_pools, uniq_harold
D:12:     layout_roguey, david_orc_2, uniq_kirke
D:13:     layout_basic, enter_trove_1, beargit_hepliaklqana_dungeon_heroes,
          uniq_maurice
D:14:     layout_gridville, erik_vaults_1, yredelemnul_altar_generic
D:15:     gammafunk_depths_entry_grave, layout_irregular_city,
          hangedman_glass_teeth
Temple:   nicolae_temple_x_marks_the_god
Lair:1:   layout_regular_city, portal_ice_cave_rime, pdpol_lair_neglected_garden
Lair:2:   layout_loops_ring, st_stairs_5, infiniplex_staircase_pool,
          uniq_amaemon, uniq_fannar
Lair:3:   layout_big_grid, minmay_swamp_entry_worms, spider_nest_entry_webs,
          nzn_ghost_randoct, cheibrodos_lair_lostbears
Lair:4:   layout_cellular_growth, minivault_26, grunt_megastairs_1
Lair:5:   guppyfry_lair_end_dragon, layout_gridlike,
          hangedman_lair_caniforms_friends, slime_entry_1
Orc:1:    layout_caves, gammafunk_ghost_abyssal_escape,
          nicolae_volcano_entry_lava_flow, led_sif_book
Orc:2:    st_orc_mages, layout_caves

Skill      XL: |  1  2  3  4  5  6  7  8  9 10 11 12 13 14 15 |
---------------+----------------------------------------------+-----
Fighting       | 2 3 4 5 6 7 |  7.3
Unarmed Combat | 3 4 5 6 8 10 12 | 12.2
Shapeshifting  | 4 5 6 7 10 14 15 17 | 17.0
Maces & Flails | 4 10 | 10.8
Dodging        | 6 7 |  7.6

Action                     |  1- 3 |  4- 6 |  7- 9 | 10-12 | 13-15 || total
---------------------------+-------+-------+-------+-------+-------++-------
  Melee: Unarmed           |    66 |    91 |   159 |   372 |   776 ||  1464
         Punch             |     2 |     2 |    15 |    30 |    82 ||   131
         Giant spiked club |       |       |       |       |    10 ||    10
 Invoke: Curse Item        |       |       |     2 |     1 |     2 ||     5
         Shatter the Chain |       |       |       |     1 |       ||     1
  Evoke: Wand              |       |       |       |       |     3 ||     3
    Use: Potion            |       |       |     3 |       |     3 ||     6
         Scroll            |       |       |       |     4 |     6 ||    10
   Stab: Sleeping          |     2 |     1 |       |       |       ||     3
         Distracted        |       |       |       |     1 |       ||     1
 Armour: Animal skin       |    15 |    16 |    39 |    23 |       ||    93
         Troll leather arm |       |       |       |    83 |   247 ||   330
  Dodge: Dodged            |    29 |    31 |    81 |   125 |   332 ||   598
   Form: Blade             |       |       |       |       |     3 ||     3
         Maw               |       |       |       |       |     2 ||     2
                           |       |       |       |       |     1 ||     1

Table legend: (Time is in decaauts)
 A = Elapsed time spent in this place.
 B = Non-inter-level travel time spent in this place.
 C = Inter-level travel time spent in this place.
 D = Time resting spent in this place.
 E = Time spent auto-exploring this place.
 F = Levels seen in this place.
 G = Mean time per level.
                   A        B        C        D        E       F      G
               +--------+--------+--------+--------+--------+-----+--------+
         Total |  19750 |  17786 |   1964 |   1921 |  12462 |  25 |  790.0 |
       Dungeon |  13087 |  11513 |   1574 |   1150 |   8349 |  15 |  872.5 |
        Temple |     90 |     80 |     10 |      0 |     52 |   1 |   90.0 |
          Lair |   4584 |   4310 |    274 |    368 |   3096 |   5 |  916.8 |
  Orcish Mines |    981 |    878 |    103 |    134 |    525 |   2 |  490.5 |
      Ice Cave |    697 |    697 |      0 |    252 |    245 |   1 |  697.0 |
       Volcano |    309 |    309 |      0 |     16 |    195 |   1 |  309.0 |
               +--------+--------+--------+--------+--------+-----+--------+

Top non-repeatable levels by time:
  Lair:5: 1415 daAuts
     D:9: 1316 daAuts
    D:13: 1219 daAuts
     D:5: 1051 daAuts
  Lair:1: 994 daAuts
    D:12: 992 daAuts
   Orc:1: 967 daAuts
  Lair:4: 958 daAuts
     D:4: 956 daAuts
     D:2: 938 daAuts
    D:10: 901 daAuts
     D:6: 896 daAuts
    D:15: 856 daAuts
     D:8: 777 daAuts
  Lair:2: 723 daAuts
